 Dungeon Crawl Stone Soup version 0.30.0-5-g1a98f26d00 (webtiles) character file.

Game seed: 13906226771028172583

4737 Pimp the Skirmisher (level 10, -2/48 HPs)
             Began as a Deep Elf Hunter on May 11, 2023.
             Was a Priest of Hepliaklqana.
             Slain by a centaur warrior (7 damage)
             ... on level 9 of the Dungeon on May 12, 2023.
             The game lasted 00:24:35 (8227 turns).

Pimp the Skirmisher (Deep Elf Hunter)               Turns: 8227, Time: 00:24:36

Health: -2/48      AC:  8    Str: 17    XL:     10   Next: 22%
Magic:  12/12      EV: 21    Int: 17    God:    Hepliaklqana [***...]
Gold:   586        SH:  0    Dex: 26    Spells: 9/9 levels left

rFire   . . .        a - +2 shortbow
rCold   . . .        (shield currently unavailable)
rNeg    . . .        y - +0 steam dragon scales
rPois   +            (helmet restricted)
rElec   .            w - +2 cloak
rCorr   +            (no gloves)
SInv    .            (no boots)
Will    +....        (no amulet)
Stlth   ++++         m - +6 ring of strength
HPRegen 0.28/turn    r - ring of Imagargh {rPois rCorr Str+3 Dex+4}
MPRegen 0.13/turn

%: no passive effects
@: no status effects
A: reduced essence, beak, thin skeletal structure 1, frail 1, sturdy frame 1
a: Renounce Religion, Ancestor Life: Knight, Ancestor Life: Battlemage, Ancestor
Life: Hexer, Recall Ancestor, Ancestor Identity, Transference


You were on level 9 of the Dungeon.
You worshipped Hepliaklqana.
Hepliaklqana was most pleased with you.
You visited 1 branch of the dungeon, and saw 9 of its levels.
You also visited: Ossuary.

You collected 586 gold pieces.

Inventory:

Hand Weapons
 a - a +2 shortbow (weapon)
 u - a +3 short sword of freezing
Missiles
 x - 2 throwing nets
Armour
 c - a +1 leather armour
 w - a +2 cloak (worn)
 y - +0 steam dragon scales (worn)
Jewellery
 d - a ring of ice
 m - a +6 ring of strength (left hand)
 p - a ring of willpower
 r - the ring of Imagargh (right hand) {rPois rCorr Str+3 Dex+4}
   (You found it on level 5 of the Dungeon)

   [ring of poison resistance]

   Str:       It affects your strength (+3).
   Dex:       It affects your dexterity (+4).
   rPois:     It protects you from poison.
   rCorr:     It protects you from acid and corrosion.
 A - a ring of magical power
 E - a ring of willpower
Wands
 e - a wand of digging (12)
 s - a wand of polymorph (9)
 B - a wand of roots (7)
 C - a wand of charming (8)
 D - a wand of flame (9)
Scrolls
 b - 4 scrolls of immolation
 f - 7 scrolls of teleportation
 g - 2 scrolls of fear
 h - 2 scrolls of identify
 t - a scroll of noise
 F - a scroll of fog {unknown}
 G - 2 scrolls of blinking {unknown}
Potions
 i - a potion of mutation
 j - 4 potions of might
 k - 3 potions of attraction
 l - 5 potions of brilliance
 n - a potion of resistance
 o - 4 potions of curing
 q - 3 potions of flight
 v - 2 potions of degeneration
 z - a potion of magic


   Skills:
 + Level 6.4 Fighting
 * Level 14.0 Ranged Weapons
 + Level 9.3 Dodging
 - Level 4.5 Stealth


You had 9 spell levels left.
You didn't know any spells.
Your spell library was empty.

Dungeon Overview and Level Annotations

Branches:
Dungeon (9/15)             Temple (0/1) D:5            Lair (0/5) D:8
Ossuary (visited)
    Orc: D:9-12

Altars:
Cheibriados
Elyvilon
Fedhas
Gozag
Hepliaklqana
Nemelex Xobeh
Okawaru
Qazlal
Sif Muna
Vehumet
Yredelemnul
The Shining One

Shops:
D:2 (   D:6 *   D:9 (!

Annotations:
D:5 4 runed translucent doors, Crazy Yiuf; jimonade's ghost, novice OpMo


Innate Abilities, Weirdness & Mutations

Your life essence is reduced to manifest your ancestor. (-10% HP)
You have a beak for a mouth.
You have a somewhat thin skeletal structure. (Dex +2, Stealth+)
You are frail. (-10% HP)
Your movements are slightly less encumbered by armour. (ER -2)


Message History

You shoot an arrow. The arrow barely misses the bullfrog.
The bullfrog completely misses you.
You shoot an arrow. The arrow hits the bullfrog!
You kill the bullfrog!
You feel your dexterity returning.
Your Ranged Weapons skill increases to level 14!
Found a stone staircase leading down.
k - 3 potions of attraction (gained 1)
Found a stone staircase leading down.
A centaur warrior comes into view.
Found a scroll labelled CENIBR CEMEXU.
A centaur warrior is nearby!
You shoot an arrow. The arrow hits the centaur warrior.
The centaur warrior is lightly wounded.
The centaur warrior wields a +0 longbow.
The centaur warrior shoots an arrow.
The arrow barely misses you.
You swap places.
The centaur warrior shoots an arrow.
The arrow hits Gibbon!
Something hits Gibbon.
Something kicks Gibbon.
You swap places.
The centaur warrior hits you.
The centaur warrior kicks you but does no damage.
You swap places.
The centaur warrior closely misses Gibbon. x2
Gibbon hits the centaur warrior but does no damage.
The centaur warrior wields a +0 longbow.
The centaur warrior shoots an arrow.
The arrow hits Gibbon!!
Gibbon is destroyed!
You shoot an arrow. The arrow hits the centaur warrior!
The centaur warrior is moderately wounded.
The centaur warrior shoots an arrow.
The arrow hits you!
You shoot an arrow.
The arrow hits the centaur warrior but does no damage.
The centaur warrior is moderately wounded.
The centaur warrior shoots an arrow.
The arrow hits you!!
Ouch! That really hurt!
* * * LOW HITPOINT WARNING * * *
You are too injured to fight recklessly!
The centaur warrior unwields a +0 longbow.
The centaur warrior hits you!
You die...

...#.#####.######...###########.#
.....(...........................
##..#######...#####..............
##..#######...#####.....)).......
..........................)......
##########################.......
#### ######### #...#### ...#
#.c....?. ##..# ##.# #.#####@#
##..#### #R.# #.......# #.......
#.## #######.### #....... #..#
#.......# #....... #### #.#####.#
#....... . #...R.# #>...... #
#.#.### #....... .. #.# ########
## #.#


You could see a centaur warrior.

Vanquished Creatures
  Sigmund (D:2)
  A wyvern (D:9)
  3 yaks (D:9)
  A steam dragon (D:9)
  2 wargs (D:8)
  Duvessa (D:6)
  A water moccasin (D:5)
  2 black bears
  2 sky beasts (D:6)
  4 ice beasts
  An ogre (D:5)
  A centaur (D:6)
  A phantom (D:6)
  2 kobold brigands
  2 bullfrogs
  3 scorpions
  5 wights (D:8)
  A bullfrog zombie (D:7)
  3 howler monkeys
  A centaur zombie (D:7)
  A human zombie (Ossuary)
  2 hounds
  3 orc priests
  7 orc wizards
  A hound zombie (Ossuary)
  3 mummies (Ossuary)
  6 gnolls (D:2)
  11 adders
  A shadow imp (D:7)
  An ufetubus (D:5)
  4 worms
  2 dart slugs
  25 orcs
  8 ball pythons
  9 bats
  6 endoplasms
  5 giant cockroaches
  9 goblins
  7 hobgoblins
  6 jackals
  10 kobolds
  3 quokkas
  A frilled lizard (D:3)
  3 goblin zombies (Ossuary)
  A jackal zombie (Ossuary)
  A kobold zombie (Ossuary)
  6 rats
  A rat zombie (Ossuary)
  A spectral hobgoblin (D:2)
182 creatures vanquished.

Vanquished Creatures (collateral kills)
  A wyvern (D:8)
  A yak (D:9)
  A warg (D:8)
  A water moccasin (D:8)
  2 black bears
  Dowan (D:6)
  2 howler monkeys (D:9)
  A human zombie (Ossuary)
  An orc wizard (D:8)
  A mummy (Ossuary)
  A hobgoblin zombie (Ossuary)
  A jackal zombie (Ossuary)
  An orc zombie (Ossuary)
15 creatures vanquished.

Vanquished Creatures (others)
  7 ancestors
7 creatures vanquished.

Grand Total: 204 creatures vanquished

Notes
Turn   | Place    | Note
-------+----------+-------------------------------------------
     0 | D:1      | Pimp the Deep Elf Hunter began the quest for the Orb.
     0 | D:1      | Reached XP level 1. HP: 12/12 MP: 3/3
    78 | D:1      | Reached XP level 2. HP: 17/17 MP: 4/4
   489 | D:2      | Found a faded altar of an unknown god.
   497 | D:2      | Noticed Sigmund
   499 | D:2      | Reached XP level 3. HP: 21/21 MP: 5/5
   521 | D:2      | Killed Sigmund
   522 | D:2      | Reached skill level 6 in Ranged Weapons
   522 | D:2      | Reached XP level 4. HP: 21/27 MP: 6/6
   522 | D:2      | Reached XP level 5. HP: 24/31 MP: 7/7
   811 | D:2      | Gained mutation: You occasionally lose the ability to drink
                  | potions when taking damage. [potion of mutation]
   811 | D:2      | Gained mutation: Your mind is acute. (Int +4, Str/Dex -1)
                  | [potion of mutation]
   920 | D:2      | Reached XP level 6. HP: 31/36 MP: 8/8
  1000 | D:2      | Found Pizev's Weapon Shop.
  1112 | D:2      | Lost mutation: Your mind is acute. (Int +4, Str/Dex -1)
                  | [potion of mutation]
  1112 | D:2      | Lost mutation: You occasionally lose the ability to drink
                  | potions when taking damage. [potion of mutation]
  1112 | D:2      | Gained mutation: Your movements are slightly less
                  | encumbered by armour. (ER -2) [potion of mutation]
  1112 | D:2      | Gained mutation: You are frail. (-10% HP) [potion of
                  | mutation]
  1112 | D:2      | Gained mutation: You have a somewhat thin skeletal
                  | structure. (Dex +2, Stealth+) [potion of mutation]
  1112 | D:2      | Gained mutation: You have a beak for a mouth. [potion of
                  | mutation]
  1873 | D:3      | Found a snail-covered altar of Cheibriados.
  2108 | D:3      | Found a stormy altar of Qazlal.
  2167 | D:3      | Found a blossoming altar of Fedhas.
  2168 | D:3      | Noticed an ice beast
  2263 | D:3      | Killed an ice beast
  2264 | D:3      | Reached skill level 7 in Ranged Weapons
  2750 | D:4      | Reached XP level 7. HP: 36/36 MP: 9/9
  2803 | D:4      | Reached skill level 5 in Dodging
  3293 | D:5      | Entered Level 5 of the Dungeon
  3389 | D:5      | Reached skill level 8 in Ranged Weapons
  3531 | D:5      | Found an opulent altar of Gozag.
  3550 | D:5      | Found a hazy altar of Hepliaklqana.
  3557 | D:5      | Identified the ring of Imagargh {rPois rCorr Str+3 Dex+4}
  3562 | D:5      | Became a worshipper of Hepliaklqana the Forgotten
  3612 | D:5      | Found a shimmering blue altar of Sif Muna.
  3758 | D:5      | Found a runed translucent door.
  3759 | D:5      | Noticed Crazy Yiuf
  3807 | D:5      | Found a staircase to the Ecumenical Temple.
  3893 | D:5      | Reached skill level 9 in Ranged Weapons
  3893 | D:5      | Reached XP level 8. HP: 42/43 MP: 10/10
  4005 | D:5      | Found a runed translucent gate.
  4005 | D:5      | Found a runed translucent gate.
  4005 | D:5      | Found a runed translucent gate.
  4005 | D:5      | Noticed jimonade's ghost (novice OpMo)
  4008 | D:5      | Identified the +7 dagger "Rute" {speed, Drain rElec rPois}
  4208 | D:5      | Found a radiant altar of Vehumet.
  4591 | D:6      | Reached * piety under Hepliaklqana
  4727 | D:6      | Found Umakoh's CLEARANCE SALE!.
  4742 | D:6      | Noticed Duvessa
  4742 | D:6      | Noticed Dowan
  4847 | D:6      | Reached skill level 10 in Ranged Weapons
  4956 | D:6      | Killed Dowan
  4974 | D:6      | Killed Duvessa
  5201 | D:6      | Reached skill level 5 in Fighting
  5201 | D:6      | Reached skill level 11 in Ranged Weapons
  5214 | D:6      | Reached XP level 9. HP: 43/43 MP: 11/11
  5526 | D:7      | Found a white marble altar of Elyvilon.
  5595 | D:7      | Reached ** piety under Hepliaklqana
  5644 | D:7      | Found a basalt altar of Yredelemnul.
  6201 | D:8      | Reached skill level 12 in Ranged Weapons
  6379 | D:8      | Found a staircase to the Lair.
  6618 | D:8      | Found a sand-covered staircase.
  6623 | Ossuary  | Entered an ossuary
  6946 | D:8      | Reached skill level 13 in Ranged Weapons
  7172 | D:8      | Found a sparkling altar of Nemelex Xobeh.
  7530 | D:9      | Reached XP level 10. HP: 48/48 MP: 12/12
  7794 | D:9      | Found a glowing golden altar of the Shining One.
  7888 | D:9      | Found an iron altar of Okawaru.
  7893 | D:9      | Reached *** piety under Hepliaklqana
  7971 | D:9      | Found Faxtyp's Distillery.
  8005 | D:9      | Found Gieluib's Antique Weapon Shoppe.
  8121 | D:9      | Reached skill level 14 in Ranged Weapons
  8216 | D:9      | Noticed a centaur warrior
  8227 | D:9      | Slain by a centaur warrior

Illustrated notes

Levels and vault maps discovered:
D:1:      lemuel_arrival_behind_the_door_large, layout_rooms
D:2:      layout_basic, dreamdust_ecumenical_altar_drowned_temple, serial_shops,
          shop, minmay_bisected, uniq_sigmund
D:3:      minmay_evil_eye, layout_basic, mainiacjoe_overflow_alcove_2,
          marbit_many_paths, slow_altar_1
D:4:      layout_loops_ring, nicolae_concentric_dashed_squares_mild
D:5:      layout_loops_ring, mainiacjoe_overflow_alcove_4,
          grunt_gozag_breadcrumbs, nicolae_overflow_crystal_walls,
          lemuel_coloured_pillars_altar, minmay_temple_entry_statues_pillars,
          biasface_ghost_orc_armoury, uniq_crazy_yiuf_cottage
D:6:      layout_gridville, nicolae_shop_clearance, uniq_duvessa
D:7:      layout_basic, elyvilon_altar_5, lemuel_zombie_altar_yredelemnul,
          kennysheep_generic_room_13
D:8:      layout_loops_cross, kennysheep_mini, erik_lair_orcish_takeover,
          enter_ossuary_5
D:9:      layout_long_grid, mainiacjoe_overflow_catwalk, zin_angel,
          tso_metal_star, serial_shops, shop, nicolae_shop_window_shopping,
          nicolae_shop_back_alley_shop, shop, minivault_24, wad_mini_maze

Skill      XL: |  1  2  3  4  5  6  7  8  9 10 |
---------------+-------------------------------+-----
Stealth        | 2 3 4 |  4.5
Dodging        | 3 4 6 7 9 |  9.3
Fighting       | 2 3 4 5 6 |  6.4
Ranged Weapons | 6 7 9 11 13 14 | 14.0

Action                     |  1- 3 |  4- 6 |  7- 9 | 10-12 || total
---------------------------+-------+-------+-------+-------++-------
  Melee: Shortbow          |       |       |     1 |       ||     1
         Short sword       |       |       |       |     3 ||     3
         Peck              |       |       |       |     1 ||     1
   Fire: Shortbow          |    66 |   174 |   361 |    47 ||   648
 Invoke: Ancestor Identity |       |       |     1 |       ||     1
    Use: Potion            |     1 |     3 |     4 |     2 ||    10
         Scroll            |       |     6 |    17 |       ||    23
 Armour: Leather armour    |     2 |     5 |    25 |       ||    32
         Skin              |     4 |       |       |       ||     4
         Steam dragon scal |       |       |       |     1 ||     1
  Dodge: Dodged            |     4 |    66 |   103 |    10 ||   183
